 Dungeon Sprint DCSS version 0.18.1-50-g88ac8fd (webtiles) character file.

1770 Kagutsuchi the Fighter (level 8, 0/83 HPs)
             Began as a Red Draconian Berserker on Oct 22, 2016.
             Was an Elder of Trog.
             Slain by a polar bear (5 damage)
             ... in the Dungeon (Sprint II: "The Violet Keep of Menkaure").
             The game lasted 00:04:17 (860 turns).

Kagutsuchi the Fighter (Red Draconian Berserker)     Turns: 860, Time: 00:04:19

Health: 0/83       AC: 12    Str: 19    XL:     8   Next: 80%
Magic:  8/8        EV: 18    Int:  8    God:    Trog [****..]
Gold:   457        SH:  0    Dex: 13    Spells: 0 memorised, 7 levels left

rFire  + . .     SeeInvis .     b - +0 flail (protect)
rCold  . . .     Gourm    .     (armour unavailable)
rNeg   . . .     Faith    .     (no shield)
rPois  .         Spirit   .     (helmet restricted)
rElec  .         Dismiss  .     (no cloak)
rCorr  .         Reflect  .     (no gloves)
SustAt .         Harm     .     (no boots)
MR     .....     NoTele   +     (no amulet)
Stlth  +.........               (no ring)
                                (no ring)

@: exhausted, slowed, very slow, not resistant to hostile enchantments, very
unstealthy
A: breathe fire, unfitting armour, hooves 1, stinger 1, fire resistance 1,
shaggy fur 1, cold-blooded, AC +6
a: Breathe Fire, Berserk, Trog's Hand, Brothers in Arms, Burn Spellbooks,
Renounce Religion


You were in the Dungeon.
You worshipped Trog.
Trog was greatly pleased with you.
You were not hungry.

You visited 1 branch You collected 984 gold pieces.
You spent 527 gold pieces at shops.

Inventory:

Hand Weapons
 a - a +0 falchion
 b - a +0 flail of protection (weapon)
Scrolls
 h - a scroll of blinking
Potions
 c - 3 potions of curing
 e - a potion of haste
 f - 2 potions of magic
 g - a potion of berserk rage
Comestibles
 i - a meat ration
 j - 2 bread rations
 l - a slice of pizza


   Skills:
 + Level 12.1 Fighting
 + Level 11.3 Long Blades
 + Level 3.4 Maces & Flails
 + Level 11.0 Dodging
 + Level 1.4 Stealth


You had 7 spell levels left.
You didn't know any spells.

Dungeon Overview and Level Annotations

Branches:
Dungeon (1/1)

Altars:
Cheibriados
Dithmenos
Elyvilon
Fedhas
Gozag
Makhleb
Nemelex Xobeh
Okawaru
Pakellas
Qazlal
Ru
Trog
Yredelemnul
Zin
The Shining One
Beogh
Jiyva
Lugonu

Shops:
D :=??*}=!}([:[=%!

Annotations:
D exclusion: oklob plant


Innate Abilities, Weirdness & Mutations

You can breathe blasts of fire.
Your fiery red scales are hard (AC +6).
Your body does not fit into most forms of armour.
Your flesh is heat resistant.
You are cold-blooded and may be slowed by cold attacks.
You have large cloven feet.
Your tail ends in a poisonous barb.
You are covered in fur (AC +1).


Message History

The yaktaur closely misses you.
You hit the yaktaur.
Your tail-slap misses the yaktaur.
The yaktaur is lightly wounded.
The polar bear bites you. The polar bear barely misses you. x2
The yaktaur hits you. The yaktaur barely misses you. The polar bear bites you!
The polar bear barely misses you. x2
You hit the yaktaur but do no damage.
You tail-slap the yaktaur, but do no damage.
The yaktaur is lightly wounded.
The polar bear closely misses you. The polar bear completely misses you.
The polar bear barely misses you. The yaktaur hits you!
* * * LOW HITPOINT WARNING * * *
You barely miss the yaktaur.
The yaktaur is lightly wounded.
The polar bear closely misses you. The polar bear completely misses you.
The polar bear claws you but does no damage.
The yaktaur misses you. The polar bear bites you!
* * * LOW HITPOINT WARNING * * *
The polar bear misses you. The polar bear claws you.
You die...

####.##### .## .#
.###†###.##..# .# #
..##.##.#.#..# .# .#
#)'.<.'###'..### .##.# $
..##.##.#.#....###...##▓▓
.###†###.##..§...§≈≈≈≈≈≈≈
###...####≈≈.§§§.§#'#####
≈#..#..#≈≈≈≈§≈§.ch#..._._
≈##.#.##≈≈≈§§§≈≈@≈#.._._.
≈≈##'##≈≈≈≈§≈§§≈≈≈#._._._
#≈≈≈≈≈≈≈≈≈≈§≈§§§§≈#_._._.
#+++#+++#≈≈≈§§§≈≈≈#._._._
§..§§ ##≈≈≈###§§#_._._.
§§§..§.. ##≈≈# #≈≈#._._..
.§§§8.§§ +§§# #§≈#......
.§§§§.. #≈≈≈ §≈≈#######
#.§.§... #


You could see a polar bear and a yaktaur.

Vanquished Creatures
  A siren (D)
  2 polar bears (D)
  A blink frog (D)
  Menkaure (D)
  2 hippogriffs (D)
  4 necrophages (D)
  A wasp (D)
  4 worker ants (D)
16 creatures vanquished.

Vanquished Creatures (others)
  A crocodile (D)
1 creature vanquished.

Grand Total: 17 creatures vanquished

Notes
Turn   | Place    | Note
--------------------------------------------------------------
     0 | D        | Kagutsuchi the Draconian Berserker began the quest for the Orb.
     0 | D        | Reached XP level 1. HP: 19/19 MP: 1/1
     1 | D        | Noticed a siren
     8 | D        | Killed a siren
     8 | D        | Reached skill level 8 in Fighting
     8 | D        | Reached XP level 2. HP: 31/36 MP: 2/2
     8 | D        | Reached XP level 3. HP: 36/41 MP: 3/3
     8 | D        | Reached XP level 4. HP: 43/49 MP: 4/4
     8 | D        | Reached XP level 5. HP: 49/56 MP: 5/5
     8 | D        | Reached XP level 6. HP: 54/62 MP: 6/6
   125 | D        | Noticed a hippogriff
   125 | D        | Noticed a hippogriff
   128 | D        | Killed a hippogriff
   128 | D        | Reached ** piety under Trog
   128 | D        | Reached skill level 9 in Fighting
   135 | D        | Killed a hippogriff
   135 | D        | Reached skill level 10 in Fighting
   135 | D        | Your scales start taking on a fiery red colour.
   135 | D        | Reached XP level 7. HP: 72/72 MP: 7/7
   135 | D        | Gained mutation: Your flesh is heat resistant. [Red Draconian growth]
   182 | D        | Found Zapun's Food Emporium.
   182 | D        | Found Giwopp's Antique Weapon Shoppe.
   182 | D        | Found Raiph's Gadget Emporium.
   182 | D        | Found Oceruibue's Distillery.
   182 | D        | Found Bidecvue's Book Shoppe.
   182 | D        | Found Owujih's Jewellery Emporium.
   183 | D        | Found Enuvuam's Assorted Antiques.
   183 | D        | Found Cenuduat's Magic Scroll Emporium.
   183 | D        | Found Natyb's Jewellery Shoppe.
   183 | D        | Found Xaitt's Distillery.
   183 | D        | Found Kuowats's Antique Armour Emporium.
   184 | D        | Found Qyboim's Magic Scroll Shoppe.
   184 | D        | Found Bonigoh's Jewellery Emporium.
   185 | D        | Found Duidexav's Antique Armour Shoppe.
   185 | D        | Found Jesm's Gadget Emporium.
   186 | D        | Noticed Menkaure
   186 | D        | Noticed an oklob plant
   187 | D        | Found Neman's Book Shoppe.
   189 | D        | Noticed a death yak
   192 | D        | Bought a runed flail for 91 gold pieces
   197 | D        | Bought a potion of curing for 30 gold pieces
   197 | D        | Bought a potion of curing for 30 gold pieces
   197 | D        | Bought a potion of heal wounds for 50 gold pieces
   197 | D        | Bought a potion of mutation for 25 gold pieces
   197 | D        | Gained mutation: Your tail ends in a poisonous barb. [potion of mutation]
   197 | D        | Gained mutation: You have large cloven feet. [potion of mutation]
   197 | D        | Gained mutation: You are covered in fur (AC +1). [potion of mutation]
   208 | D        | Killed Menkaure
   221 | D        | Bought a potion of heal wounds for 65 gold pieces
   221 | D        | Bought a potion of curing for 39 gold pieces
   577 | D        | Noticed a blink frog
   587 | D        | Killed a blink frog
   587 | D        | Reached *** piety under Trog
   587 | D        | Reached skill level 10 in Long Blades
   587 | D        | Reached skill level 1 in Maces & Flails
   647 | D        | Reached **** piety under Trog
   647 | D        | Reached skill level 11 in Fighting
   724 | D        | Bought a meat ration for 55 gold pieces
   724 | D        | Bought a bread ration for 55 gold pieces
   724 | D        | Bought a beef jerky for 16 gold pieces
   724 | D        | Bought a slice of pizza for 16 gold pieces
   724 | D        | Bought a bread ration for 55 gold pieces
   753 | D        | Reached XP level 8. HP: 82/82 MP: 8/8
   760 | D        | Reached skill level 10 in Dodging
   766 | D        | Reached skill level 1 in Stealth
   815 | D        | Noticed an obsidian statue
   820 | D        | Noticed a flying skull
   826 | D        | Found a viscous altar of Jiyva.
   826 | D        | Found a sparkling altar of Nemelex Xobeh.
   827 | D        | Found a burning altar of Makhleb.
   827 | D        | Found a glowing golden altar of the Shining One.
   827 | D        | Found a roughly hewn altar of Beogh.
   828 | D        | Found a snail-covered altar of Cheibriados.
   828 | D        | Found an opulent altar of Gozag.
   828 | D        | Found a shadowy altar of Dithmenos.
   829 | D        | Found an iron altar of Okawaru.
   829 | D        | Found a basalt altar of Yredelemnul.
   829 | D        | Found a sacrificial altar of Ru.
   829 | D        | Found a corrupted altar of Lugonu.
   830 | D        | Found an oddly glowing altar of Pakellas.
   830 | D        | Found a glowing silver altar of Zin.
   830 | D        | Found a white marble altar of Elyvilon.
   830 | D        | Noticed a polar bear
   831 | D        | Noticed a polar bear
   831 | D        | Found a stormy altar of Qazlal.
   831 | D        | Found a blossoming altar of Fedhas.
   831 | D        | Found a bloodstained altar of Trog.
   833 | D        | Noticed a yaktaur
   836 | D        | Noticed a polar bear
   842 | D        | Killed a polar bear
   852 | D        | Killed a polar bear
   852 | D        | Reached skill level 12 in Fighting
   860 | D        | Slain by a polar bear

Skill      XL: |  1  2  3  4  5  6  7  8 |
---------------+-------------------------+-----
Fighting       | 8 10 11 12 | 12.1
Long Blades    | 7 9 10 11 | 11.3
Dodging        | 7 8 9 11 | 11.0
Maces & Flails | 1 3 |  3.4
Stealth        | 1 |  1.4

Action                   |  1- 3 |  4- 6 |  7- 9 || total
-------------------------+-------+-------+-------++-------
Melee: Falchion          |     5 |     9 |       ||    14
       Tailslap          |       |     1 |    11 ||    12
       Flail             |       |       |    62 ||    62
       Kick              |       |       |    20 ||    20
Invok: Berserk           |     1 |     1 |     3 ||     5
  Use: Potion            |       |       |     5 ||     5
  Eat: Bread ration      |       |       |     1 ||     1
       Beef jerky        |       |       |     1 ||     1
Armor: Skin              |       |     1 |    36 ||    37
Dodge: Dodged            |     1 |    10 |    99 ||   110
